Map: Prion Terraces

Players

LindyHop

  • Race: Zerg Zerg
  • League: Platinum

Bingbing - Winner!

  • Race: Terran Terran
  • League: Platinum

VOD

Have the link to the VOD?

Description

Time

  • Played on: Jan. 7, 2016, 3:43 p.m.
  • Length: 10:58
Show
View Real Time Build Order
Export as new Build Order

LindyHop Zerg 

Build Orders: Pool First, Zergling Baneling 

Get SALT Encoding   

  12  0:01  Drone  
  13  0:09  Drone  
  13  0:13  Extractor  
  13  0:16  Drone  
  14  0:33  Spawning Pool  
  13  0:37  Drone  
  14  0:47  Overlord  
  14  1:11  Drone x2  
  16  1:20  Metabolic Boost  
  16  1:21  Queen  
  18  1:29  Zergling x2  
  19  1:38  Baneling Nest  
  18  1:42  Zergling x2  
  19  1:50  Overlord  
  19  2:06  Zergling x2  
  19  2:07  Zergling x4  
  22  2:20  Zergling x2  
  23  2:29  Zergling x2  
  24  2:30  Baneling x3  
  24  2:33  Zergling x4  
  26  2:40  Zergling x2  
  26  2:43  Baneling  
  27  2:47  Baneling x3  
  27  2:51  Zergling x2  
  28  3:02  Zergling x2  
  25  3:22  Zergling x2  
  25  3:23  Zergling x4  
  28  3:29  Baneling x4  
  28  3:31  Zergling x2  
  29  3:36  Zergling x2  
  30  3:42  Baneling  
  30  3:43  Baneling  
  30  3:55  Zergling x2  
  28  3:59  Baneling  
  28  4:02  Zergling x2  
  29  4:03  Baneling  
  29  4:12  Baneling  
  29  4:25  Hatchery  
  29  4:26  Zergling x4  
  29  4:28  Baneling  
  29  4:30  Baneling  
  30  4:43  Baneling  
  29  4:51  Drone  
  29  4:52  Overlord  
  30  5:17  Drone x3  
  30  5:20  Burrow, Extractor  
  32  5:26  Drone x3  
  35  5:31  Drone  
  36  5:46  Overlord  
  36  5:54  Drone x3  
  39  6:09  Drone  
  39  6:10  Drone x4  
  44  6:24  Drone  
  45  6:30  Baneling x4  
  45  6:33  Lair  
  45  6:35  Drone x3  
  48  6:41  Queen  
  51  6:54  Drone x2  
  51  6:55  Overlord x2  
  52  7:03  Overlord  
  52  7:07  Baneling x4  
  49  7:23  Zergling x2  
  49  7:24  Zergling x10  
  49  7:29  Evolution Chamber  
  54  7:30  Centrifical Hooks  
  54  7:31  Zergling x2  
  54  7:32  Zergling x4  
  57  7:42  Zergling x2  
  57  7:43  Zergling x2  
  59  7:48  Extractor x2  
  57  7:51  Zergling x2  
  57  7:53  Zergling x2  
  57  7:55  Zergling x2  
  57  7:58  Zergling x6  
  60  7:59  Zergling x4  
  59  8:10  Zergling x4  
  57  8:18  Zergling x2  
  57  8:19  Zergling x4  
  52  8:26  Zergling x2  
  49  8:30  Zergling x2  
  43  8:38  Queen  
  43  8:39  Zergling x2  
  43  8:41  Zergling x2  
  45  8:42  Spire  
  45  8:45  Baneling x4  
  45  8:48  Zergling x2  
  45  8:52  Zerg Ground Armor Level 1  
  45  8:57  Zergling x2  
  45  9:02  Baneling x3  
  46  9:07  Zergling x6  
  49  9:16  Zergling x4  
  51  9:24  Hatchery  
  50  9:25  Drone x2  
  51  9:46  Zergling x6  
  51  9:47  Zergling x2  
  51  9:52  Zergling x4  
  57  9:54  Baneling x3  
  57  9:55  Baneling  
  57  10:11  Zergling x4  
  44  10:14  Zergling x2  
  44  10:15  Zergling x4  
  44  10:16  Zergling x6  
  44  10:17  Zergling x4  
  44  10:28  Zergling x4  
Show
View Real Time Build Order
Export as new Build Order

Bingbing Terran - Winner!

Build Orders: Command Center First (CC), MMM Bio 

Get SALT Encoding   

  12  0:01  SCV  
  13  0:13  SCV  
  14  0:18  Supply Depot  
  14  0:26  SCV  
  15  0:40  SCV  
  16  0:52  SCV  
  17  1:02  Command Center  
  17  1:05  SCV  
  18  1:16  Engineering Bay  
  18  1:20  SCV  
  19  1:34  Barracks  
  19  1:40  SCV  
  19  1:42  Refinery  
  20  1:52  SCV  
  21  2:04  SCV  
  22  2:21  Orbital Command x2  
  22  2:22  Marine  
  23  2:26  Refinery  
  23  2:46  Barracks Reactor  
  23  2:50  SCV  
  24  2:59  SCV  
  24  3:01  Factory  
  24  3:02  SCV  
  26  3:11  SCV  
  27  3:29  Marine x2  
  27  3:31  SCV  
  30  3:37  Bunker  
  30  3:41  SCV, Supply Depot  
  31  3:42  Bunker  
  31  3:47  Factory Tech Lab, Marine x2  
  33  3:49  Supply Depot  
  33  3:56  SCV  
  33  4:00  SCV  
  35  4:08  SCV  
  35  4:09  Siege Tank  
  39  4:12  SCV  
  39  4:13  Starport  
  40  4:20  SCV  
  40  4:22  Supply Depot  
  41  4:24  SCV  
  41  4:26  Barracks  
  41  4:28  Barracks  
  42  4:43  SCV  
  42  4:44  Siege Tank  
  42  4:45  SCV  
  47  4:46  Supply Depot  
  47  4:51  Medivac  
  49  4:53  Marine x2  
  51  5:09  Supply Depot  
  51  5:13  Marine x2  
  53  5:15  Barracks Tech Lab  
  53  5:16  Siege Tank  
  56  5:22  Barracks Tech Lab  
  56  5:26  Orbital Command  
  56  5:30  Marine x2  
  56  5:35  SCV  
  59  5:36  Stimpack  
  59  5:44  Supply Depot x2  
  59  5:48  Marine  
  60  5:54  Combat Shields, Marine x2  
  60  5:55  Marine  
  63  6:06  Marine  
  64  6:11  Marine, Starport Reactor  
  64  6:12  Marine  
  64  6:13  Marine  
  64  6:14  Barracks  
  64  6:15  Barracks  
  67  6:19  SCV  
  67  6:21  Factory Reactor  
  67  6:22  SCV  
  67  6:24  Marine  
  70  6:29  Marine  
  70  6:30  Supply Depot, Marauder  
  70  6:31  SCV, Marine  
  75  6:40  SCV  
  76  6:49  Supply Depot, Marauder  
  76  6:51  Marauder  
  76  6:52  SCV  
  81  6:55  Marine x2  
  83  7:04  SCV, Marine x2  
  83  7:07  Medivac  
  88  7:10  Widow Mine, Marine  
  88  7:11  Supply Depot  
  88  7:13  Marine, Marauder  
  89  7:28  Marauder  
  91  7:34  Command Center, Marauder  
  92  8:02  Marine x2  
  92  8:03  Marauder x2, Marine x2  
  84  8:20  Marine  
  84  8:24  Marauder, Widow Mine x2  
  84  8:25  Marauder  
  93  8:31  Barracks Reactor, Engineering Bay  
  93  8:32  Engineering Bay  
  93  8:33  Marine  
  94  8:36  Barracks Reactor  
  94  8:38  Marine  
  95  8:41  Medivac x2  
  95  8:46  Marauder  
  91  8:52  Widow Mine x2  
  91  8:54  Engineering Bay  
  91  8:55  Engineering Bay  
  93  9:01  Marine x2  
  93  9:02  Marine  
  96  9:13  Refinery  
  96  9:14  Refinery  
  96  9:17  Refinery x2, Orbital Command  
  96  9:20  Marine x4  
  96  9:21  Widow Mine x2  
  96  9:22  Marine  
  105  9:44  Marine x4  
  105  9:45  Marauder x2, Marine x2  
  115  9:49  Widow Mine  
  117  10:02  Marine  
  118  10:09  Marine x3  
  118  10:10  Marauder x2  
  115  10:15  Marine x2  
  115  10:19  Marine  
  115  10:20  SCV x2  
  113  10:25  Medivac  
  115  10:31  Marauder x2  
Tags
 
Add a new tag
Caveats
  • Supply blocks, unpowered buildings, or Contaminate may cause inaccurate times.
  • Supply counts are checked every 10 seconds.